 Dungeon Crawl Stone Soup version 0.28.0-47-ge53b351184 (webtiles) character file.

Game seed: 13835548007799015472

2144 Kaptain the Digger (level 9, -5/55 HPs)
             Began as a Gargoyle Earth Elementalist on Apr 27, 2022.
             Slain by a yak (13 damage)
             ... on level 6 of the Dungeon.
             The game lasted 00:13:27 (6419 turns).

Kaptain the Digger (Gargoyle Earth Elementalist)    Turns: 6419, Time: 00:13:28

Health: -5/55      AC: 13    Str: 13    XL:     9   Next: 30%
Magic:  6/16       EV: 11    Int: 19    God:
Gold:   279        SH:  0    Dex: 10    Spells: 14/18 levels left

rFire   . . .      SeeInvis .   f - +3 morningstar
rCold   . . .      Faith    .   o - +0 buckler
rNeg    + . .      Spirit   .   b - +2 leather armour {Will+}
rPois   ∞          Reflect  .   t - +0 helmet
rElec   +          Harm     .   (no cloak)
rCorr   .          Rampage  .   (no gloves)
Will    ++...                   (no boots)
Stlth   +.........              (no amulet)
HPRegen 0.18/turn               a - ring of willpower
MPRegen 0.15/turn               (no ring)

@: confused, ambrosia-drunk, very slightly contaminated
A: sickness immunity, AC +6, negative energy resistance 1, electricity
resistance, torment resistance 1, petrification resistance
a: no special abilities


You were on level 6 of the Dungeon.
You visited 2 branches of the dungeon, and saw 7 of its levels.

You collected 279 gold pieces.

Inventory:

Hand Weapons
 d - a +0 hunting sling
 f - a +3 morningstar (weapon)
Missiles
 c - 123 stones
 e - 7 sling bullets
 i - a throwing net
Armour
 b - a +2 leather armour of willpower (worn)
 o - a +0 buckler (worn)
 t - a +0 helmet (worn)
Jewellery
 a - a ring of willpower (left hand)
Wands
 r - a wand of polymorph (3)
Scrolls
 g - a scroll of enchant armour {unknown}
 k - 2 scrolls of vulnerability {unknown}
 p - a scroll of blinking {unknown}
Potions
 j - 2 potions of flight
 l - 2 potions of haste
 n - a potion of heal wounds {unknown}
 q - a potion of brilliance {unknown}
 s - a potion of curing


   Skills:
 * Level 5.7 Fighting
 + Level 3.8 Armour
 - Level 2.1 Dodging
 - Level 2.1 Stealth
 + Level 3.2 Shields
 * Level 5.3 Spellcasting
 * Level 5.6 Conjurations
 - Level 0.7 Transmutations
 * Level 7.4 Earth Magic


You had 14 spell levels left.
You knew the following spells:

 Your Spells              Type           Power      Damage    Failure   Level
a - Sandblast             Erth           66%        2d15      1%          1
b - Stone Arrow           Conj/Erth      58%        3d10      4%          3

Your spell library contained the following spells:

 Spells                   Type           Power      Damage    Failure   Level
 Passwall                 Tmut/Erth      16%        N/A       6%          2
 Sting                    Tmut/Pois      24%        1d4       17%         1
 Summon Small Mammal      Summ           20%        N/A       21%         1
 Ensorcelled Hibernation  Hex/Ice        10%        N/A       30%         2
 Poisonous Vapours        Pois/Air       10%        N/A       30%         2
 Petrify                  Tmut/Erth      20%        N/A       36%         4
 Spider Form              Tmut/Pois      6%         N/A       45%         3
 Call Canine Familiar     Summ           5%         N/A       52%         3
 Ozocubu's Armour         Ice            5%         N/A       52%         3
 Summon Guardian Golem    Hex/Summ       5%         N/A       52%         3
 Tukima's Dance           Hex            5%         N/A       52%         3
 Anguish                  Hex/Necr       2%         N/A       90%         4
 Olgreb's Toxic Radiance  Pois           5%         N/A       90%         4
 Metabolic Englaciation   Hex/Ice        2%         N/A       99%         5
 Simulacrum               Ice/Necr       2%         N/A       100%        6
 Enfeeble                 Hex            2%         N/A       100%        7


Dungeon Overview and Level Annotations

Branches:
Dungeon (6/15)             Temple (1/1) D:4

Altars:
Ashenzari
Cheibriados
Dithmenos
Elyvilon
Fedhas
Gozag
Hepliaklqana
Kikubaaqudgha
Makhleb
Nemelex Xobeh
Okawaru
Qazlal
Ru
Sif Muna
Trog
Uskayaw
Vehumet
Wu Jian
Yredelemnul
Zin
The Shining One

Shops:
D:1 ?   D:5 (


Innate Abilities, Weirdness & Mutations

You are immune to sickness and miasma.
Your stone body is resilient. (AC +6)
You are immune to poison.
You resist negative energy. (rN+)
You are resistant to electric shocks. (rElec)
You are resistant to unholy torment.
You are immune to petrification.


Message History

You completely miss the yak.
The yak is severely wounded.
The yak gores you. The yak misses you.
Casting: Sandblast (safe; 1% risk of failure)
Confirm with . or Enter, or press ? or * to list all spells.
Aiming: Sandblast (safe; 1% risk of failure)
Press: ? - help, Shift-Dir - straight line, f - yak
Aim: a yak (severely wounded, 89% to hit)
The blast of sand hits the yak.
The yak is severely wounded.
The yak misses you.
Unknown command.
Casting: Sandblast (safe; 1% risk of failure)
Confirm with . or Enter, or press ? or * to list all spells.
Aiming: Sandblast (safe; 1% risk of failure)
Press: ? - help, Shift-Dir - straight line, f/p - yak
Aim: a yak (severely wounded, 89% to hit)
You miscast Sandblast.
You are very lightly contaminated with residual magic.
Nothing appears to happen.
The yak gores you but does no damage.
Unknown command.
You sock the yak!
The yak is almost dead.
The yak closely misses you.
You barely miss the yak.
The yak is almost dead.
The yak gores you but does no damage. The yak gores you!
Casting: Sandblast (safe; 1% risk of failure)
Confirm with . or Enter, or press ? or * to list all spells.
Aiming: Sandblast (safe; 1% risk of failure)
Press: ? - help, Shift-Dir - straight line, f/p - yak
Aim: a yak (almost dead, 89% to hit)
The blast of sand misses the yak.
The yak gores you!
* * * LOW HITPOINT WARNING * * *
Unknown command.
You are confused.
You feel invigorated. The yak gores you!
* * * LOW HITPOINT WARNING * * *
You bump into the rock wall.
The yak gores you!
You die...

# #
#####################
..)................)'
..................###
##.#######.#.##.#.# #
#@Y.....#.##.#.# #
#########Y##.#+### #
#.......#Y##......
#.#.#####.#Y##......
###.#.#####.#Y##......
......................
......................
.....................(
......................


You could see a yak.

Vanquished Creatures
  5 yaks
  Edmund (D:5)
  Duvessa (D:5)
  An ogre (D:6)
  A phantom (D:5)
  A bullfrog (D:6)
  A scorpion (D:6)
  A water moccasin zombie (D:5)
  2 water moccasin skeletons
  Dowan (D:5)
  3 wights (D:5)
  A howler monkey (D:4)
  A hound (D:3)
  4 jellies
  2 orc priests (D:6)
  A centaur skeleton (D:6)
  Ijyb (D:5)
  2 iguanas
  2 orc wizards (D:6)
  A hound skeleton (D:5)
  Robin (D:3)
  3 gnolls (D:3)
  6 adders
  2 white imps (D:5)
  2 ufetubi
  2 worms (D:3)
  2 dart slugs
  8 orcs
  6 ball pythons
  2 bats
  3 endoplasms
  4 giant cockroaches
  12 goblins
  11 hobgoblins
  4 jackals (D:4)
  7 quokkas
  2 frilled lizards
  9 kobolds
  4 rats
123 creatures vanquished.

Notes
Turn   | Place    | Note
-------+----------+-------------------------------------------
     0 | D:1      | Kaptain the Gargoyle Earth Elementalist began the quest for
                  | the Orb.
     0 | D:1      | Reached XP level 1. HP: 10/10 MP: 3/3
   132 | D:1      | Reached XP level 2. HP: 16/16 MP: 5/5
   151 | D:1      | Found Baploazi's Magic Scroll Emporium.
   336 | D:1      | Found a faded altar of an unknown god.
   374 | D:1      | Reached skill level 1 in Conjurations
   400 | D:1      | Reached skill level 1 in Fighting
   519 | D:1      | Reached XP level 3. HP: 20/20 MP: 6/6
   619 | D:1      | Reached skill level 4 in Earth Magic
   942 | D:2      | Learned a level 3 spell: Stone Arrow
  1594 | D:3      | Reached XP level 4. HP: 25/25 MP: 7/7
  1795 | D:3      | Reached skill level 1 in Armour
  1962 | D:3      | Noticed Robin
  1970 | D:3      | Killed Robin
  1971 | D:3      | Reached XP level 5. HP: 30/30 MP: 0/9
  2845 | D:3      | Reached XP level 6. HP: 36/36 MP: 3/10
  3005 | D:4      | Found a staircase to the Ecumenical Temple.
  3062 | Temple   | Entered the Ecumenical Temple
  3666 | D:4      | Found a sparkling altar of Nemelex Xobeh.
  3925 | D:4      | Reached skill level 5 in Earth Magic
  4074 | D:5      | Entered Level 5 of the Dungeon
  4211 | D:5      | Reached XP level 7. HP: 41/41 MP: 5/12
  4275 | D:5      | Reached skill level 1 in Shields
  4529 | D:5      | Noticed Edmund
  4536 | D:5      | Killed Edmund
  4838 | D:5      | Noticed Dowan
  4839 | D:5      | Noticed Duvessa
  4853 | D:5      | Killed Duvessa
  4955 | D:5      | Killed Dowan
  4956 | D:5      | Reached skill level 6 in Earth Magic
  4956 | D:5      | Reached XP level 8. HP: 37/48 MP: 4/14
  5091 | D:5      | Noticed Ijyb
  5101 | D:5      | Killed Ijyb
  5209 | D:5      | Found Alae's Antique Weapon Shop.
  5948 | D:6      | Noticed a yak
  6046 | D:6      | Noticed a yak
  6046 | D:6      | Noticed a yak
  6048 | D:6      | Noticed a yak
  6249 | D:6      | Noticed a yak
  6261 | D:6      | Noticed a yak
  6271 | D:6      | Killed a yak
  6272 | D:6      | Reached skill level 5 in Fighting
  6272 | D:6      | Reached skill level 5 in Conjurations
  6284 | D:6      | Killed a yak
  6285 | D:6      | Reached skill level 5 in Spellcasting
  6285 | D:6      | Reached skill level 7 in Earth Magic
  6285 | D:6      | Reached XP level 9. HP: 53/54 MP: 2/16
  6419 | D:6      | Slain by a yak

Illustrated notes

Levels and vault maps discovered:
D:1:      minmay_arrival_split_and_join, layout_rooms, serial_shops, shop,
          hellmonk_ecumenical_altar_crossroads, minivault_25,
          minmay_misc_feat_rugged
D:2:      layout_basic
D:3:      layout_loops_corners, st_stairs_10, uniq_robin
D:4:      layout_rooms, mainiacjoe_overflow_cross_hatched,
          minmay_temple_entry_mist, serial_rivers,
          chequers_serial_rivers_micro_e, chequers_serial_rivers_marsh,
          chequers_serial_rivers_room_b, chequers_serial_rivers_micro_a,
          nicolae_figureground_sparkle
D:5:      layout_rooms, serial_shops, nicolae_lakefront_shop,
          chequers_serial_rivers_marsh, uniq_edmund, uniq_ijyb, uniq_duvessa
D:6:      layout_basic, uniq_sigmund
Temple:   mainiacjoe_temple_big_plus

Skill      XL: |  1  2  3  4  5  6  7  8  9 |
---------------+----------------------------+-----
Conjurations   | 1 2 3 5 |  5.6
Fighting       | 1 2 3 4 5 |  5.7
Earth Magic    | 4 5 6 7 |  7.4
Armour         | 1 2 3 |  3.8
Dodging        | 2 |  2.1
Spellcasting   | 3 4 5 |  5.3
Shields        | 1 2 3 |  3.2
Stealth        | |  2.1
Transmutations | |  0.7

Action                   |  1- 3 |  4- 6 |  7- 9 || total
-------------------------+-------+-------+-------++-------
Melee: Dagger            |       |     8 |       ||     8
       Morningstar       |       |       |    44 ||    44
 Fire: Hunting sling     |    56 |    72 |    18 ||   146
 Cast: Sandblast         |    18 |    58 |    37 ||   113
       Stone Arrow       |       |     8 |    48 ||    56
  Use: Scroll            |       |     2 |     2 ||     4
       Potion            |       |       |     1 ||     1
Armor: Robe              |     2 |       |       ||     2
       Leather armour    |     1 |    14 |    45 ||    60
Dodge: Dodged            |     9 |    17 |    51 ||    77
Block: Buckler           |       |     2 |    15 ||    17
